 Dungeon Crawl Stone Soup version 0.30-a0-989-g0d87f670db (webtiles) character file.

Game seed: 17791302297691272272

32 mopl the Insei (level 3, 0/27 HPs)
             Began as a Djinni Transmuter on Apr 3, 2023.
             Slain by a kobold
             ... wielding a +0 whip
              (1 damage)
             ... on level 2 of the Dungeon.
             The game lasted 00:00:56 (667 turns).

mopl the Insei (Djinni Transmuter)                   Turns: 667, Time: 00:00:57

Health: 0/27       AC:  2    Str: 11    XL:     3   Next: 42%
Gold:   23         EV: 12    Int: 14    God:
                   SH:  0    Dex: 13

rFire   + + .      SeeInvis .      - Unarmed
rCold   x . .      Faith    .    (no shield)
rNeg    . . .      Spirit   .    a - +0 robe
rPois   ∞          Reflect  .    (no helmet)
rElec   .          Rampage  .    (no cloak)
rCorr   .                        (no gloves)
Will    .....                    (boots unavailable)
Stlth   +                        (no amulet)
HPRegen 0.24/turn                (no ring)
MPRegen 0.00/turn                (no ring)

@: flying
A: sickness immunity, fire resistance 2, cold vulnerability 1, float, innate
caster, HP casting, extra vitality 1
a: no special abilities


You were on level 2 of the Dungeon.
You visited 1 branch of the dungeon, and saw 2 of its levels.

You collected 23 gold pieces.

Inventory:

Armour
 a - a +0 robe (worn)
Scrolls
 c - 2 scrolls of fear {unknown}
 d - a scroll of identify {unknown}
Potions
 b - a potion of lignification {!q}
 e - a potion of attraction {unknown}


   Skills:
 - Level 1.0 Fighting
 - Level 2.1 Dodging
 * Level 3.9 Unarmed Combat
 + Level 2.0 Spellcasting


You knew the following spells:

 Your Spells              Type           Power      Damage    Failure   Level
a - Beastly Appendage     Tmut           14%        N/A       11%         1
b - Spider Form           Tmut/Pois      7%         N/A       30%         3
c - Kiss of Death         Conj/Necr      28%        2d7       11%         1
d - Ice Form              Ice/Tmut       7%         N/A       71%         4
w - Wereblood             Tmut           7%         N/A       16%         2
Your spell library was empty.

Dungeon Overview and Level Annotations

Branches:
Dungeon (2/15)

Altars:
Qazlal


Innate Abilities, Weirdness & Mutations

You are immune to sickness and miasma.
You are immune to poison.
Your flesh is very heat resistant. (rF++)
You are vulnerable to cold. (rC-)
You float through the air rather than walking.
You learn spells naturally, not from books.
Your magical power is your life essence.
You have superior vitality. (+4 MHP)


Message History

A kobold is nearby!
Found a scroll labelled MUNNOSHR KICRO.
Your horns disappear.
A hound comes into view.
The hound barks!
Found a club.
You closely miss the hound.
The kobold shouts!
The hound bites you. x2
You barely miss the hound. The hound misses you.
The kobold completely misses you.
A rat comes into view.
You barely miss the hound. Your punch misses the hound. The hound bites you.
The kobold barely misses you. The hound bites you.
You hit the hound.
The hound is moderately wounded.
The hound bites you but does no damage. The kobold completely misses you.
You closely miss the hound.
The hound is moderately wounded.
The hound bites you. The kobold hits you with a +0 whip.
The hound barely misses you.
You are too injured to fight recklessly!
You are too injured to fight recklessly!
You are too injured to fight recklessly!
You are too injured to fight recklessly!
You are too injured to fight recklessly!
You are too injured to fight recklessly!
You are too injured to fight recklessly!
You are too injured to fight recklessly!
You are too injured to fight recklessly!
You are too injured to fight recklessly!
You are too injured to fight recklessly!
The kobold attacks as you move away! The kobold hits you with a +0 whip.
* * * LOW HITPOINT WARNING * * *
The hound attacks as you move away! The hound bites you.
* * * LOW HITPOINT WARNING * * *
The hound bites you.
* * * LOW HITPOINT WARNING * * *
The kobold attacks as you move away! The kobold hits you with a +0 whip.
You die...

#.. . #.# #.# .# #.# #.#
.# #.# ###.##.## #.#
.......#
####.########.#.#.####
#.............r.......
#.##.##.##...#..........#
...........#..@h.........
#..##.##.##...#.K##..?##.#
#. #.##.###.##..# ...# #
#.:##.##.###.##..# ...#
#.##.##.......... ...#
#...........##..##.).#
#<#.........##..# .#
#.#..#####.###..#
#.#..........


You could see a hound, a kobold and a rat.

Vanquished Creatures
  3 dart slugs
  2 ball pythons
  2 endoplasms (D:1)
  A giant cockroach (D:1)
  3 goblins (D:1)
  3 hobgoblins (D:1)
  A quokka (D:1)
  5 frilled lizards (D:1)
  2 kobolds (D:1)
  3 rats (D:1)
25 creatures vanquished.

Vanquished Creatures (others)
  2 plants (D:2)
2 creatures vanquished.

Grand Total: 27 creatures vanquished

Notes
Turn   | Place    | Note
-------+----------+-------------------------------------------
     0 | D:1      | mopl the Djinni Transmuter began the quest for the Orb.
     0 | D:1      | mopl set off with the following spells memorised: Beastly
                  | Appendage, Wereblood, Spider Form, Ice Form.
     0 | D:1      | Reached XP level 1. HP: 17/17 MP: 0/0
     6 | D:1      | Found a stormy altar of Qazlal.
   143 | D:1      | Reached XP level 2. HP: 15/22 MP: 0/0
   426 | D:1      | Reached XP level 3. HP: 26/27 MP: 0/0
   426 | D:1      | Learned a level 1 spell: Kiss of Death
   467 | D:1      | Reached skill level 2 in Spellcasting
   665 | D:2      | HP: 1/27 [hound (5)]
   667 | D:2      | Slain by a kobold

Illustrated notes

Levels and vault maps discovered:
D:1:      dpeg_arrival_lava_altar, layout_basic, chequers_serial_rivers_room_a
D:2:      kennysheep_the_goblin_king, layout_loops_ring,
          hellmonk_ecumenical_altar_pennies_from_heaven, serial_bayou_pond_a,
          minmay_surrounded

Skill      XL: |  1  2  3 |
---------------+----------+-----
Spellcasting   | 2 |  2.0
Fighting       | |  1.0
Dodging        | |  2.1
Unarmed Combat | |  3.9

Action                     || total
---------------------------++-------
  Melee: Unarmed           ||    99
         Headbutt          ||    11
   Cast: Beastly Appendage ||     9
 Armour: Robe              ||    17
  Dodge: Dodged            ||    54

Table legend: (Time is in decaauts)
 A = Elapsed time spent in this place.
 B = Non-inter-level travel time spent in this place.
 C = Inter-level travel time spent in this place.
 D = Time resting spent in this place.
 E = Time spent auto-exploring this place.
 F = Levels seen in this place.
 G = Mean time per level.
                   A        B        C        D        E       F      G
               +--------+--------+--------+--------+--------+-----+--------+
         Total |    661 |    641 |     20 |     72 |    397 |   2 |  330.5 |
       Dungeon |    661 |    641 |     20 |     72 |    397 |   2 |  330.5 |
               +--------+--------+--------+--------+--------+-----+--------+

Top non-repeatable levels by time:
     D:1: 592 daAuts
     D:2: 69 daAuts
